 Dungeon Crawl Stone Soup version 0.20.1-1-g8b1a95d (webtiles) character file.

3969 Gargoyl the Cleaver (level 10, -2/86 HPs)
             Began as a Minotaur Abyssal Knight on July 18, 2017.
             Was a High Priest of Lugonu.
             Slain by a wight
             ... wielding a cursed +5 halberd of freezing
              (3 damage)
             ... on level 8 of the Dungeon.
             The game lasted 00:14:50 (8708 turns).

Gargoyl the Cleaver (Minotaur Abyssal Knight)       Turns: 8708, Time: 00:14:51

Health: -2/86      AC: 19    Str: 17    XL:     10   Next: 2%
Magic:  13/13      EV:  5    Int:  9    God:    Lugonu [*****.]
Gold:   341        SH:  4    Dex: 13    Spells: 9/9 levels left

rFire    + . .     SeeInvis .   m - +0 war axe
rCold    . . .     Gourm    +   x - +0 buckler
rNeg     . . .     Faith    .   g - +2 plate armour
rPois    .         Spirit   .   (helmet restricted)
rElec    .         Reflect  .   (no cloak)
rCorr    .         Harm     .   (no gloves)
MR       .....                  (no boots)
Stlth    ..........             d - amulet of the gourmand
Regen    0.3/turn               h - ring of protection from fire
MPRegen  0.2/turn               e - +4 ring of protection

@: drained
A: retaliatory headbutt, horns 2
a: Depart the Abyss, Bend Space, Banish, Corrupt, Enter the Abyss, Renounce
Religion


You were on level 8 of the Dungeon.
You worshipped Lugonu.
Lugonu was extremely pleased with you.
You were very full.

You visited 1 branch of the dungeon, and saw 8 of its levels.
You visited the Abyss 1 time.
You also visited: Ossuary.

You collected 341 gold pieces.

Inventory:

Hand Weapons
 a - a +1 hand axe
 m - a +0 war axe (weapon)
Missiles
 o - 7 javelins (quivered)
Armour
 g - a +2 plate armour (worn)
 x - a +0 buckler (worn)
Jewellery
 d - an amulet of the gourmand (around neck)
 e - a +4 ring of protection (right hand)
 h - a ring of protection from fire (left hand)
 r - an uncursed ring of flight
 H - a cursed amulet of inaccuracy {unknown}
Wands
 l - a wand of polymorph (6/24)
 p - a wand of paralysis (18/24)
 y - a wand of paralysis (5/24)
 z - a wand of random effects (11/48)
 E - a wand of random effects (24/48)
 I - a wand of acid (5/15)
Scrolls
 f - 3 scrolls of amnesia
 n - 8 scrolls of identify
 q - 2 scrolls of remove curse
 K - a scroll of teleportation
 L - a scroll of random uselessness {unknown}
 M - a scroll of recharging {unknown}
Potions
 i - 2 potions of curing
 k - a potion of ambrosia
 s - a potion of invisibility
 t - 2 potions of heal wounds
 u - a potion of agility
 v - a potion of might
 w - 2 potions of flight {unknown}
 A - a potion of haste
 B - 2 potions of lignification {unknown}
 C - a potion of brilliance {unknown}
 D - a potion of berserk rage
 F - 2 potions of degeneration {unknown}
 G - 2 potions of mutation {unknown}
 J - a potion of cancellation {unknown}
Comestibles
 b - 2 royal jellies
 c - 4 bread rations
 j - 3 meat rations
 N - 3 fruits


   Skills:
 + Level 7.5(6.7) Fighting
 + Level 10.5(9.6) Axes
 + Level 2.1(1.4) Throwing
 * Level 9.0(8.1) Armour
 + Level 2.0(1.3) Dodging
 + Level 2.0(1.3) Shields
 * Level 6.5(5.7) Invocations


You had 9 spell levels left.
You didn't know any spells.

Dungeon Overview and Level Annotations

Branches:
Dungeon (8/15)             Temple (0/1) D:4
   Lair: D:8-11

Altars:
Ashenzari
Fedhas
Kikubaaqudgha
Makhleb
Ru
Vehumet
Xom
Yredelemnul

Annotations:
D:2 exclusion: oklob plant


Innate Abilities, Weirdness & Mutations

You reflexively headbutt those who attack you in melee.
You have a pair of horns on your head.


Message History

* * * LOW HITPOINT WARNING * * *
You feel drained.
* * * LOW HITPOINT WARNING * * *
The wight freezes you.
* * * LOW HITPOINT WARNING * * *
You hit the orc but do no damage. Your headbutt misses the orc.
The orc is almost dead.
You hit the orc.
You kill the orc!
Lugonu accepts your kill.
You miss the jackal. The jackal barely misses you. You block the orc's attack.
The wight hits you from afar with a trident of freezing.
* * * LOW HITPOINT WARNING * * *
The wight freezes you.
* * * LOW HITPOINT WARNING * * *
The jackal bites you but does no damage.
The wight hits you from afar with a halberd of freezing!
* * * LOW HITPOINT WARNING * * *
The wight freezes you.
You die...

#.....!.....z
#.........z# .
#......)...# ..
##.....).###...
...............
#.........#####
#.......zz#
#.....ho).#
#.....)@..#
##.......##
##.....##
#######


You could see 2 wights, an orc and a jackal.

Vanquished Creatures
  The ghost of LoneRaider the Archer, a novice CeHu of Makhleb (D:7)
  Grinder (D:4)
  Sigmund (D:2)
  Eustachio (D:5)
  Menkaure (D:4)
  Edmund (D:4)
  The ghost of BakaWarrior999 the Vexing, an amateur DEEn (D:3)
  Duvessa (D:6)
  3 ice beasts
  A sky beast (D:5)
  2 phantoms
  3 ogres (D:6)
  3 centaurs
  A bullfrog (D:8)
  Dowan (D:6)
  3 scorpions (D:6)
  2 wights (D:8)
  A howler monkey (D:6)
  2 crimson imps (D:7)
  3 centaur zombies
  3 hounds
  A jelly (D:7)
  Crazy Yiuf (D:2)
  2 human zombies (Ossuary)
  4 orc priests
  A centaur skeleton (D:5)
  6 orc wizards
  Terence (D:3)
  A bullfrog skeleton (D:6)
  3 iguanas
  2 worker ants
  A hound zombie (Ossuary)
  2 hound skeletons
  3 mummies (Ossuary)
  Robin (D:2)
  4 adders
  A shadow imp (D:3)
  An ooze (D:4)
  4 adder zombies (Ossuary)
  An adder skeleton (D:7)
  3 worms
  2 dart slugs
  A leopard gecko (D:3)
  28 orcs
  A ball python (D:5)
  3 giant cockroaches
  3 gnoll zombies
  15 goblins
  8 hobgoblins
  18 jackals
  6 quokkas
  9 bats
  4 frilled lizards
  A goblin zombie (Ossuary)
  4 hobgoblin zombies (Ossuary)
  A jackal skeleton (D:6)
  4 jackal zombies (Ossuary)
  7 kobolds
  5 kobold zombies (Ossuary)
  4 orc zombies (Ossuary)
  A quokka skeleton (D:7)
  3 quokka zombies (Ossuary)
  8 rats
  4 rat zombies (Ossuary)
219 creatures vanquished.

Vanquished Creatures (others)
  An orc (D:7)
  18 toadstools (D:2)
19 creatures vanquished.

Grand Total: 238 creatures vanquished

Notes
Turn   | Place    | Note
-------+----------+-------------------------------------------
     0 | Abyss:1  | Gargoyl the Minotaur Abyssal Knight began the quest for the Orb.
     0 | Abyss:1  | Reached XP level 1. HP: 19/19 MP: 1/1
   110 | Abyss:2  | Noticed a small abomination
   110 | Abyss:2  | Noticed a small abomination
   110 | D:1      | Escaped the Abyss
   169 | D:1      | You fall through a shaft!
   179 | D:2      | Noticed Sigmund
   203 | D:1      | Reached * piety under Lugonu
   203 | D:1      | Reached XP level 2. HP: 15/27 MP: 2/2
   577 | D:1      | Reached skill level 3 in Axes
   785 | D:1      | Reached XP level 3. HP: 33/33 MP: 3/3
  1175 | D:2      | Killed Sigmund
  1175 | D:2      | Reached skill level 5 in Fighting
  1175 | D:2      | Reached skill level 4 in Axes
  1175 | D:2      | Reached XP level 4. HP: 26/42 MP: 3/5
  1175 | D:2      | Reached XP level 5. HP: 30/48 MP: 3/6
  1243 | D:2      | Found a basalt altar of Yredelemnul.
  1592 | D:2      | Found an ancient bone altar of Kikubaaqudgha.
  1632 | D:2      | Reached ** piety under Lugonu
  1765 | D:2      | Found a runed door.
  1992 | D:2      | Noticed Robin
  1996 | D:2      | Reached XP level 6. HP: 53/56 MP: 7/7
  2021 | D:2      | Killed Robin
  2645 | D:2      | Found a blossoming altar of Fedhas.
  2665 | D:2      | Noticed an oklob plant
  2871 | D:2      | Noticed Crazy Yiuf
  2876 | D:2      | Killed Crazy Yiuf
  3051 | D:3      | Found a shimmering altar of Xom.
  3051 | D:3      | Found a shimmering altar of Xom.
  3051 | D:3      | Found a shimmering altar of Xom.
  3052 | D:3      | Found a shimmering altar of Xom.
  3053 | D:3      | Found a shimmering altar of Xom.
  3471 | D:3      | Noticed Terence
  3477 | D:3      | Killed Terence
  3660 | D:3      | Noticed BakaWarrior999's ghost (amateur DEEn)
  3675 | D:3      | Killed BakaWarrior999's ghost
  3675 | D:3      | Reached skill level 5 in Axes
  3675 | D:3      | Reached skill level 5 in Armour
  4000 | D:4      | Found a staircase to the Ecumenical Temple.
  4001 | D:4      | Noticed Grinder
  4002 | D:4      | Noticed Edmund
  4014 | D:4      | Paralysed by Grinder for 5 turns
  4030 | D:4      | Killed Edmund
  4030 | D:4      | Reached XP level 7. HP: 42/62 MP: 8/8
  4047 | D:4      | Killed Grinder
  4047 | D:4      | Reached skill level 6 in Axes
  4047 | D:4      | Reached skill level 1 in Throwing
  4458 | D:4      | Noticed Menkaure
  4469 | D:4      | Killed Menkaure
  4593 | D:4      | Reached *** piety under Lugonu
  4596 | D:4      | Found a shattered altar of Ashenzari.
  4655 | D:4      | Reached XP level 8. HP: 68/70 MP: 8/10
  4940 | D:5      | Entered Level 5 of the Dungeon
  5100 | D:5      | Noticed Eustachio
  5116 | D:5      | Killed Eustachio
  5116 | D:5      | Reached skill level 7 in Axes
  5623 | D:6      | Reached skill level 5 in Invocations
  5651 | D:6      | Found a sacrificial altar of Ru.
  5665 | D:6      | Reached skill level 8 in Axes
  6040 | D:6      | Found a sand-covered staircase.
  6048 | Ossuary  | Entered an ossuary
  6207 | Ossuary  | Reached XP level 9. HP: 78/78 MP: 12/12
  6319 | Ossuary  | Reached **** piety under Lugonu
  6825 | D:6      | Reached skill level 9 in Axes
  7016 | D:6      | Noticed Dowan
  7018 | D:6      | Noticed Duvessa
  7036 | D:6      | Killed Duvessa
  7053 | D:6      | Killed Dowan
  7726 | D:6      | Reached skill level 1 in Shields
  7825 | D:7      | Noticed LoneRaider's ghost (novice CeHu)
  7938 | D:7      | Killed LoneRaider's ghost
  7938 | D:7      | Reached skill level 10 in Axes
  7996 | D:7      | Reached ***** piety under Lugonu
  8483 | D:7      | Found a radiant altar of Vehumet.
  8503 | D:7      | Found a burning altar of Makhleb.
  8702 | D:8      | Reached XP level 10. HP: 38/86 MP: 13/13
  8708 | D:8      | HP: 1/86 [wight/halberd of freezing (10)]
  8708 | D:8      | Slain by a wight

Skill      XL: |  1  2  3  4  5  6  7  8  9 10 |
---------------+-------------------------------+-----
Fighting       | 4 5 6 7 |  7.5
Axes           | 3 4 5 6 8 10 | 10.5
Invocations    | 2 3 4 5 6 |  6.5
Armour         | 4 5 6 7 9 |  9.0
Throwing       | 1 2 |  2.1
Shields        | 1 2 |  2.0
Dodging        | 2 |  2.0

Action                   |  1- 3 |  4- 6 |  7- 9 | 10-12 || total
-------------------------+-------+-------+-------+-------++-------
Melee: Hand axe          |    81 |    79 |       |       ||   160
       Headbutt          |    13 |    25 |    79 |     2 ||   119
       War axe           |       |    70 |   407 |     6 ||   483
Throw: Javelin           |       |     9 |    32 |       ||    41
Invok: Depart the Abyss  |     1 |       |       |       ||     1
  Use: Scroll            |     5 |     3 |     8 |       ||    16
       Potion            |     1 |     1 |       |       ||     2
  Eat: Chunk             |    11 |     9 |    15 |       ||    35
Armor: Leather armour    |     4 |       |       |       ||     4
       Plate armour      |    59 |   130 |   337 |    10 ||   536
Dodge: Dodged            |    36 |    47 |   115 |     5 ||   203
Block: Buckler           |       |       |    56 |     4 ||    60
